 Dungeon Crawl Stone Soup version 0.29-a0-322-g68df515428 (webtiles) character file.

Game seed: 2727359001327135992

1722 spaghetti the Ducker (level 9, -4/67 HPs)
             Began as a Djinni Berserker on Apr 9, 2022.
             Was a Believer of Trog.
             Killed by divine providence
             ... invoked by an orc priest
              (9 damage)
             ... on level 6 of the Dungeon.
             The game lasted 00:09:31 (6745 turns).

spaghetti the Ducker (Djinni Berserker)             Turns: 6745, Time: 00:09:31

Health: -4/67      AC:  9    Str: 19    XL:     9   Next: 24%
Gold:   213        EV: 15    Int:  9    God:    Trog [**....] SH:  4 Dex: 19

rFire   + + +      SeeInvis +   l - +0 short sword (elec) {short}
rCold   x . .      Faith    .   y - +0 buckler
rNeg    . . .      Spirit   .   H - +1 ring mail "Tar Any" {rF+ MP-9 Str+3 Dex+2}
rPois   ∞          Reflect  .   (no helmet)
rElec   .          Harm     .   E - +1 cloak
rCorr   .          Rampage  .   j - +0 pair of gloves
Will    .....                   (boots unavailable)
Stlth   +.........              (no amulet)
HPRegen 0.21/turn               h - ring of see invisible
MPRegen 0.00/turn               (no ring)

@: on berserk cooldown, flying
A: sickness immunity, fire resistance 2, cold vulnerability 1, float, innate
caster, HP casting, extra vitality 1
a: Renounce Religion, Berserk, Trog's Hand


You were on level 6 of the Dungeon.
You worshipped Trog.
Trog was pleased with you.
You visited 1 branch of the dungeon, and saw 6 of its levels.

You collected 213 gold pieces.


Innate Abilities, Weirdness & Mutations

You are immune to sickness and miasma.
You are immune to poison.
Your flesh is very heat resistant. (rF++)
You are vulnerable to cold. (rC-)
You float through the air rather than walking.
You learn spells naturally, not from books.
Your magical power is your life essence.
You have superior vitality. (+4 MHP)


   Skills:
 + Level 6.8 Fighting
 - Level 3.3 Long Blades
 - Level 5.0 Throwing
 - Level 2.0 Armour
 + Level 7.7 Dodging


You couldn't memorise any spells.
You knew the following spells:

 Your Spells              Type           Power      Damage    Failure   Level
a - Freeze                Ice            0%         1d3       67%         1
b - Passwall              Tmut/Erth      0%         N/A       82%         2
c - Call Canine Familiar  Summ           0%         N/A       96%         3
d - Petrify               Tmut/Erth      0%         N/A       100%        4
Your spell library was empty.

Inventory:

Hand Weapons
 a - a +0 falchion of protection {long}
 l - a +0 short sword of electrocution (weapon) {short}
   (You found it on level 2 of the Dungeon)
 D - a +4 quarterstaff of chaos {staff}
   (You took it off Crazy Yiuf on level 4 of the Dungeon)
Missiles
 f - 11 poisoned darts {throwing}
 o - 80 stones (quivered) {throwing}
 u - 2 boomerangs {throwing}
Armour
 b - a +0 animal skin
 j - a +0 pair of gloves (worn)
   (You found it on level 2 of the Dungeon)
 y - a +0 buckler (worn)
   (You found it on level 3 of the Dungeon)
 E - a +1 cloak (worn)
   (You took it off Crazy Yiuf on level 4 of the Dungeon)
 G - +0 acid dragon scales
   (You found it on level 5 of the Dungeon)
 H - the +1 ring mail "Tar Any" (worn) {rF+ MP-9 Str+3 Dex+2}
   (You found it on level 5 of the Dungeon)

   Str:       It affects your strength (+3).
   Dex:       It affects your dexterity (+2).
   rF:        It protects you from fire.
   MP:        It affects your magic capacity (-9).
Magical Staves
 k - a staff of air {forbidden!astaff}
   (You found it on level 2 of the Dungeon)
Jewellery
 h - a ring of see invisible (left hand)
   (You found it on level 1 of the Dungeon)
 m - a ring of protection from fire
   (You found it on level 2 of the Dungeon)
 r - a ring of wizardry
   (You found it on level 2 of the Dungeon)
 F - a +6 ring of intelligence
   (You found it on level 5 of the Dungeon)
Wands
 C - a wand of flame (73)
   (You took it off a kobold on level 4 of the Dungeon)
Scrolls
 c - 4 scrolls of identify {@r1}
 e - 5 scrolls of teleportation {@r4}
 t - a scroll of magic mapping {!r}
Potions
 d - a potion of brilliance
 g - 2 potions of might
 n - 2 potions of heal wounds {unknown}
 p - 3 potions of haste {unknown}
 w - 3 potions of curing {unknown}
 x - 2 potions of resistance {unknown}
 B - a potion of magic {unknown}
 J - 2 potions of degeneration {unknown}

Dungeon Overview and Level Annotations

Branches:
Dungeon (6/15)             Temple (0/1) D:4

Altars:
Ashenzari
Hepliaklqana
Kikubaaqudgha
Vehumet
Yredelemnul

Annotations:
D:6 Eustachio

*,,,,,,,*************,,,,,,,*,* *
*,,,,,,,* *,,,,**,*,* *
*,,,,,,.** *#####+*****,*,* *
*,,,,,,..#######......,,,,*,*,* *
*,,,,,,...............,,<,*,,,,
***,,,,,,...............,,,,***,,
+,+,,,,,,..PP....W......,,,,* ***
***,,,,,,..P..ho....<...,,,,*
*****,,,,...@r.o@o##########*
,,,,,,,,,....((o).....(....#
,,,,<,,,,.PP..####.#######.#
,,,,,,,,,.PP.,** #.#.......######
,,,,,,,,,...,,.###...............
******+**..,...............##..#.
* *,**.,,....######.###.##..#.
******,**,,,...............#...#.
,,,,,,,*****#+*#######.....#..##.


You could see Eustachio, an orc priest (inner flame), an orc wizard (inner
flame, ally target), 2 orcs, a rat (summoned), a friendly phantom (summoned) and
a friendly hound (summoned).


Message History

As you read the scroll labelled GYIL FERGHUAK, it crumbles to dust.
It is a scroll of identify.
e - 5 scrolls of teleportation The orc wizard hits you with a +0 dagger.
The orc closely misses you. The orc misses you.
The orc priest hits you but does no damage.
As you read the scroll labelled EREMEG FEUVUGE, it crumbles to dust.
You feel aware of your surroundings.
You sensed 1 shop/portal.
It was a scroll of magic mapping.
The orc hits you but does no damage. The orc wizard closely misses you.
The orc closely misses you. The orc priest hits you with a +0 mace.
The orc wizard hits you but does no damage.
The orc priest hits you but does no damage.
The orc closely misses you. The orc misses you. 😮 HP[-1]
You take 1 damage, and now have 43/67 hp.
Unknown command.
As you read the scroll labelled EXOMNA USYSH, it crumbles to dust.
The creatures around you are filled with an inner flame!
It was a scroll of immolation.
The orc wizard points at you and mumbles some strange words.
The magic dart hits you. The orc misses you. The orc hits you with a +0 club.
The orc priest misses you. 😮 HP[-7]
You take 7 damage, and now have 36/67 hp.
Unknown command.
As you read the scroll labelled BONAOX XUMMIF, it crumbles to dust.
You hear a loud clanging noise!
It was a scroll of noise.
You hear a shout! x3; You hear an angry hiss.
The orc misses you. The orc priest hits you with a +0 mace.
The orc wizard gestures at you while chanting.
You are confused.
The orc hits you with a +0 club.
* * * LOW HITPOINT WARNING * * *
The orc priest hits you but does no damage.
The orc hits you with a +2 dagger of electrocution.
* * * LOW HITPOINT WARNING * * *
You are electrocuted!
* * * LOW HITPOINT WARNING * * *
The orc wizard hits you with a +0 dagger.
* * * LOW HITPOINT WARNING * * *
The orc hits you with a +0 club.
* * * LOW HITPOINT WARNING * * *
😱 HP[-25]
You take 25 damage, and now have 11/67 hp.
MASSIVE DAMAGE!! (PAUSE) Unknown command.
Unknown command.
Unknown command.
Unknown command.
Unknown command.
It was a potion of might.
You feel very mighty all of a sudden. The orc barely misses you.
The orc wizard misses you. The orc barely misses you.
The orc priest hits you but does no damage.
Eustachio the Magnificent comes into view.
He is wielding a +0 rapier.
Unknown command.
Unknown command.
Unknown command.
It was a potion of brilliance.
You feel clever all of a sudden.
The orc wizard hits you with a +0 dagger.
* * * LOW HITPOINT WARNING * * *
The orc barely misses you. The orc hits you but does no damage.
The orc priest closely misses you.
The orc priest miscasts a cantrip.
The orc completely misses you. The orc wizard misses you.
The orc hits you but does no damage.
Eustachio mumbles some strange words. 😱 HP[-3]
You take 3 damage, and now have 8/67 hp.
Unknown command.
Unknown command.
Unknown command.
It was a potion of cancellation.
Your magical effects are unravelling.
You feel magically purged.
You feel yourself speed up.
You feel less confused.
You feel a little less mighty now.
You feel a little less clever now. The orc hits you but does no damage.
The orc wizard closely misses you. The orc priest closely misses you.
The orc closely misses you. 😱 HP[+1]
As you read the scroll labelled NOUD AZXIMNAC, it crumbles to dust.
Wisps of shadow whirl around you...
It was a scroll of summoning.
The orc closely misses you. The orc wizard misses you.
The orc priest miscasts a cantrip.
The orc hits you with a +2 dagger of electrocution.
* * * LOW HITPOINT WARNING * * *
😱 HP[-4]
You take 4 damage, and now have 5/67 hp.
Okay, then.
As you read the scroll labelled FIUCOPHI GETINK, it crumbles to dust.
It is a scroll of enchant armour.
Your +0 cloak glows green for a moment.
The orc barely misses you. The orc wizard completely misses you.
The orc priest invokes the aid of Beogh against you.
Beogh smites you!
You die...

Skill      XL: |  1  2  3  4  5  6  7  8  9 |
---------------+----------------------------+-----
Dodging        | 3 4 5 6 7 |  7.7
Long Blades    | 3 |  3.3
Throwing       | 1 2 3 4 5 |  5.0
Fighting       | 4 5 6 |  6.8
Armour         | |  2.0

Action                   |  1- 3 |  4- 6 |  7- 9 || total
-------------------------+-------+-------+-------++-------
Melee: Falchion          |    83 |       |       ||    83
       Punch             |     1 |     1 |       ||     2
       Short sword       |     7 |   108 |   213 ||   328
Throw: Stone             |    13 |    60 |   153 ||   226
       Dart              |     3 |     4 |       ||     7
Invok: Berserk           |     4 |     2 |     7 ||    13
  Use: Scroll            |       |       |     8 ||     8
       Potion            |       |       |     3 ||     3
 Stab: Sleeping          |       |     1 |     2 ||     3
Armor: Animal skin       |    16 |    15 |     5 ||    36
       Acid dragon scale |       |       |    26 ||    26
       Ring mail         |       |       |    30 ||    30
Dodge: Dodged            |    72 |    66 |   185 ||   323
Block: Buckler           |       |       |    26 ||    26

Levels and vault maps discovered:
D:1:      erik_arrival_blinker_ship, layout_basic, minmay_strange_pillars,
          minivault_26
D:2:      layout_loops_ring, ebering_ecumenical_altar_petrified
D:3:      layout_loops_ring, mainiacjoe_overflow_surrounded_room,
          lemuel_tele_altar, uniq_sigmund, uniq_grinder
D:4:      layout_gridville, vehumet_altar_wand_db,
          nicolae_hepliaklqana_hippocampus, minmay_temple_entry_tees,
          uniq_edmund, uniq_crazy_yiuf_cottage
D:5:      layout_basic, amcnicky_altar_gilded
D:6:      layout_basic, portal_sewer_entry_a, nicolae_grassy_gnolls,
          uniq_blork_the_orc, uniq_eustachio

Notes
Turn   | Place    | Note
-------+----------+-------------------------------------------
     0 | D:1      | spaghetti the Djinni Berserker began the quest for the Orb.
     0 | D:1      | Reached XP level 1. HP: 20/20 MP: 0/0
     0 | D:1      | magus.rc [v1.9.6]
    69 | D:1      | Reached XP level 2. HP: 14/25 MP: 0/0
   261 | D:1      | Reached skill level 3 in Dodging
  1029 | D:1      | Reached skill level 3 in Long Blades
  1029 | D:1      | Reached XP level 3. HP: 23/30 MP: 0/0
  1029 | D:1      | Learned a level 1 spell: Freeze
  1398 | D:2      | Found a faded altar of an unknown god.
  1635 | D:2      | Reached XP level 4. HP: 34/35 MP: 0/0
  2451 | D:3      | Noticed a scorpion
  2464 | D:3      | Killed a scorpion
  2465 | D:3      | Reached skill level 1 in Throwing
  2465 | D:3      | Reached skill level 4 in Dodging
  2465 | D:3      | Reached XP level 5. HP: 28/40 MP: 0/0
  2465 | D:3      | Learned a level 2 spell: Passwall
  2715 | D:3      | Noticed Grinder
  2724 | D:3      | Killed Grinder
  2725 | D:3      | Reached skill level 4 in Fighting
  2725 | D:3      | Reached skill level 2 in Throwing
  2725 | D:3      | Reached skill level 5 in Dodging
  2725 | D:3      | Reached XP level 6. HP: 42/47 MP: 0/0
  3132 | D:3      | Noticed Sigmund
  3139 | D:3      | Killed Sigmund
  3140 | D:3      | Reached XP level 7. HP: 53/53 MP: 0/0
  3140 | D:3      | Learned a level 3 spell: Call Canine Familiar
  3425 | D:3      | Found a basalt altar of Yredelemnul.
  3509 | D:3      | Reached ** piety under Trog
  3747 | D:4      | Noticed Edmund
  3761 | D:4      | Killed Edmund
  3762 | D:4      | Reached skill level 5 in Fighting
  3762 | D:4      | Reached skill level 3 in Throwing
  4085 | D:4      | Found a staircase to the Ecumenical Temple.
  4474 | D:4      | Found a hazy altar of Hepliaklqana.
  4598 | D:4      | Reached skill level 6 in Dodging
  4598 | D:4      | Reached XP level 8. HP: 51/59 MP: 0/0
  4794 | D:4      | Found a runed translucent door.
  4795 | D:4      | Noticed Crazy Yiuf
  4985 | D:4      | Killed Crazy Yiuf
  5141 | D:5      | Entered Level 5 of the Dungeon
  5414 | D:5      | Reached skill level 4 in Throwing
  5593 | D:5      | Found a broken altar of Ashenzari.
  5649 | D:5      | Reached skill level 6 in Fighting
  5718 | D:5      | Reached skill level 7 in Dodging
  5724 | D:5      | Identified the +1 ring mail "Tar Any" {rF+ MP-9 Str+3
                  | Dex+2}
  5885 | D:5      | Reached XP level 9. HP: 62/67 MP: 0/0
  5885 | D:5      | Learned a level 4 spell: Petrify
  6735 | D:6      | Reached skill level 5 in Throwing
  6740 | D:6      | HP: 15/67 [orc/+2 dagger of electrocution (15)]
  6741 | D:6      | Noticed Eustachio
  6744 | D:6      | HP: 5/67 [orc/+2 dagger of electrocution (4)]
  6745 | D:6      | Killed from afar by an orc priest

Vanquished Creatures
  Grinder (D:3)
  Sigmund (D:3)
  Edmund (D:4)
  An acid dragon (D:5)
  An orc warrior (D:6)
  A sky beast (D:5)
  2 black bears (D:5)
  A bullfrog (D:4)
  3 scorpions
  2 jellies (D:5)
  Crazy Yiuf (D:4)
  2 gnoll shamans (D:6)
  4 hounds
  An iguana (D:4)
  An orc wizard (D:6)
  3 gnolls (D:6)
  8 adders
  A shadow imp (D:5)
  A white imp (D:5)
  An ufetubus (D:6)
  4 worms
  5 dart slugs
  6 orcs
  4 endoplasms
  6 giant cockroaches
  6 goblins
  11 hobgoblins
  7 jackals
  3 quokkas
  6 ball pythons
  4 bats
  2 frilled lizards
  7 kobolds
  6 rats
114 creatures vanquished.

Vanquished Creatures (others)
  5 plants (D:6)
5 creatures vanquished.

Grand Total: 119 creatures vanquished

Table legend:
 A = Non-vault XP
 B = Vault XP
 C = Vault XP percentage of total XP
 D = Non-vault monster count
 E = Vault monster count
 F = Vault count percentage of total count
                 A         B        C        D         E       F
            +---------+---------+-------+---------+---------+-------
      Total |    1645 |     815 |  33.1 |     104 |      10 |   8.8
            +---------+---------+-------+---------+---------+-------
        D:1 |      33 |       0 |   0.0 |      17 |       0 |   0.0
        D:2 |      65 |       0 |   0.0 |      22 |       0 |   0.0
        D:3 |     139 |     481 |  77.6 |      20 |       2 |   9.1
        D:4 |     285 |     208 |  42.2 |      17 |       3 |  15.0
        D:5 |     892 |       0 |   0.0 |      17 |       0 |   0.0
        D:6 |     231 |     126 |  35.3 |      11 |       5 |  31.2
            +---------+---------+-------+---------+---------+-------

Illustrated notes

Table legend:
 A = Kills in this place as a percentage of kills in entire the game.
 B = Kills by you in this place as a percentage of kills by you in the entire game.
 C = Kills by friends in this place as a percentage of kills by friends in the entire game.
 D = Other kills in this place as a percentage of other kills in the entire game.
 E = Experience gained in this place as a percentage of experience gained in the entire game.
 F = Experience gained in this place divided by the number of levels of this place that you have seen.
                   A       B       C       D       E      F
               +-------+-------+-------+-------+-------+----------------------
         Total | 100.0 | 100.0 |   N/A |   N/A | 100.0 | 410.0
       Dungeon | 100.0 | 100.0 |   N/A |   N/A | 100.0 | 410.0
               +-------+-------+-------+-------+-------+----------------------

Table legend: (Time is in decaauts)
 A = Elapsed time spent in this place.
 B = Non-inter-level travel time spent in this place.
 C = Inter-level travel time spent in this place.
 D = Time resting spent in this place.
 E = Time spent auto-exploring this place.
 F = Levels seen in this place.
 G = Mean time per level.
                   A        B        C        D        E       F      G
               +--------+--------+--------+--------+--------+-----+--------+
         Total |   6876 |   6726 |    150 |   2189 |   3571 |   6 | 1146.0 |
       Dungeon |   6876 |   6726 |    150 |   2189 |   3571 |   6 | 1146.0 |
               +--------+--------+--------+--------+--------+-----+--------+

Top non-repeatable levels by time:
     D:4: 1574 daAuts
     D:1: 1423 daAuts
     D:3: 1164 daAuts
     D:5: 1144 daAuts
     D:2: 1077 daAuts
     D:6: 490 daAuts
